 Dungeon Crawl Stone Soup version 0.21-a0-496-g696f58f (webtiles) character file.

56 slep the Twirler (level 3, 0/19 HPs)
             Began as a Vine Stalker Gladiator on Nov 23, 2017.
             Slain by a leopard gecko (3 damage)
             ... on level 2 of the Dungeon.
             The game lasted 00:02:06 (749 turns).

slep the Twirler (Vine Stalker Gladiator)            Turns: 749, Time: 00:02:07

Health: 0/19       AC:  3    Str: 17    XL:     3   Next: 97%
Magic:  0/4        EV: 10    Int:  8    God:
Gold:   99         SH:  0    Dex: 15    Spells: 2/2 levels left

rFire    . . .     SeeInvis .   k - +0 mace
rCold    . . .     Gourm    .   (no shield)
rNeg     . . .     Faith    .   i - +0 robe (curse)
rPois    .         Spirit   +   c - +0 helmet
rElec    .         Reflect  .   (no cloak)
rCorr    .         Harm     .   (no gloves)
MR       .....                  (no boots)
Stlth    ++........             (no amulet)
HPRegen  0.06/turn              (no ring)
MPRegen  0.09/turn              (no ring)

@: constricted
A: fangs 2, magic shield, antimagic bite, no potion heal 3, rot immunity
a: no special abilities


You were on level 2 of the Dungeon.
You were not hungry.

You visited 1 branch of the dungeon, and saw 2 of its levels.

You collected 99 gold pieces.

Inventory:

Hand Weapons
 a - a +0 quarterstaff
 k - a +0 mace (weapon)
 l - a cursed -3 short sword
Missiles
 d - 3 throwing nets (quivered)
Armour
 b - a +0 leather armour
 c - a +0 helmet (worn)
 i - a cursed +0 robe (worn)
Scrolls
 e - a scroll of enchant armour {unknown}
 g - a scroll of magic mapping {unknown}
 h - a scroll of teleportation {unknown}
Comestibles
 f - 2 bread rations
 j - a fruit
 m - a royal jelly


   Skills:
 + Level 2.4 Fighting
 + Level 0.1(2.0) Maces & Flails
 + Level 3.3 Staves
 + Level 1.9 Throwing
 + Level 2.8 Dodging
 + Level 0.8 Stealth


You had 2 spell levels left.
You didn't know any spells.

Dungeon Overview and Level Annotations

Branches:
Dungeon (2/15)

Altars:


Innate Abilities, Weirdness & Mutations

You have extremely sharp teeth.
When hurt, damage is shared between your health and your magic reserves.
Your bite disrupts and absorbs the magic of your enemies.
Potions cannot restore your health.
You are immune to rotting.


Message History

The ball python bites you but does no damage.
The ball python constricts you. The hobgoblin barely misses you.
The ball python closely misses you. The ball python constricts you.
You closely miss the hobgoblin.
The hobgoblin is severely wounded.
The hobgoblin hits you. The ball python closely misses you.
The ball python constricts you. The hobgoblin barely misses you.
You hit the hobgoblin.
You kill the hobgoblin!
The ball python bites you.
* * * LOW HITPOINT WARNING * * *
The ball python constricts you. The ball python misses you.
The ball python constricts you. The leopard gecko bites you.
* * * LOW HITPOINT WARNING * * *
You hit the ball python.
The ball python is heavily wounded.
The ball python closely misses you.
* * * LOW HITPOINT WARNING * * *
The ball python constricts you. The leopard gecko bites you.
You die...

... ..# ... ..# ...
##.. .. #..#.. ##..#.#
# #.Sl#.# ..#. #.#@..#
(... #.#$..#
#.####...#.##. ##
#........#.... #..
#...........## ...
###...#.#....##
...####....##.........
....<............#.....
.##....................


You could see a leopard gecko and a ball python.

Vanquished Creatures
  A gnoll (D:1)
  A worm (D:1)
  6 dart slugs
  3 giant cockroaches
  2 goblins (D:1)
  6 hobgoblins
  3 jackals (D:1)
  A bat (D:1)
  A frilled lizard (D:2)
  3 kobolds (D:2)
  4 rats
31 creatures vanquished.

Notes
Turn   | Place    | Note
-------+----------+-------------------------------------------
     0 | D:1      | slep the Vine Stalker Gladiator began the quest for the Orb.
     0 | D:1      | Reached XP level 1. HP: 11/11 MP: 2/2
    71 | D:1      | Reached XP level 2. HP: 11/15 MP: 3/3
   336 | D:1      | Reached XP level 3. HP: 16/18 MP: 4/4
   439 | D:1      | Reached skill level 3 in Staves
   681 | D:1      | You fall through a shaft!
   749 | D:2      | Slain by a leopard gecko

Vault maps used:
D:1:      evilmike_arrival_run_for_it
D:2:      cheibriados_altar_1, nicolae_ashenzari_panopticon

Skill      XL: |  1  2  3 |
---------------+----------+-----
Fighting       | 2 |  2.4
Staves         | 3 |  3.3
Maces & Flails | |  0.1
Throwing       | |  1.9
Dodging        | |  2.8
Stealth        | |  0.8

Action                   || total
-------------------------++-------
Melee: Quarterstaff      ||    43
       Bite              ||    30
       Mace              ||    51
 Stab: Sleeping          ||     2
Armor: Leather armour    ||     4
       Robe              ||    17
Dodge: Dodged            ||    73

Table legend:
 A = Spawn XP
 B = Non-spawn XP
 C = Spawn XP percentage of total XP
 D = Spawn monster count
 E = Non-spawn monster count
 F = Spawn count percentage of total count
 G = Total turns spent on level
                    A         B        C        D         E        F      G
               +---------+---------+-------+---------+---------+-------+---------
         Total |       0 |      81 |   0.0 |       0 |      31 |   0.0 |   749
               +---------+---------+-------+---------+---------+-------+---------
           D:1 |       0 |      67 |   0.0 |       0 |      23 |   0.0 |   681
           D:2 |       0 |      14 |   0.0 |       0 |       8 |   0.0 |    68
               +---------+---------+-------+---------+---------+-------+---------
